 Dungeon Crawl Stone Soup version 0.26.1-2-gb8aa6d0cf2 (webtiles) character file.

Game seed: 14149466641742362205

124210 Eurus the Bludgeoner (level 16, 0/143 HPs)
             Began as a Minotaur Fighter on Mar 9, 2021.
             Was the Champion of Okawaru.
             Splashed by a deep elf sorcerer's acid (12 damage)
             ... on level 2 of the Elven Halls on Mar 11, 2021.
             The game lasted 01:48:48 (32409 turns).

Eurus the Bludgeoner (Minotaur Fighter)            Turns: 32409, Time: 01:48:49

Health: 0/143      AC: 25    Str: 25    XL:     16   Next: 38%
Magic:  22/22      EV:  8    Int:  5    God:    Okawaru [******]
Gold:   2355       SH: 28    Dex: 13    Spells: 15/15 levels left

rFire    + . .     SeeInvis +   E - +10 morningstar "Eos" {elec, Halo rElec}
rCold    + . .     Faith    .   V - +2 tower shield {AC+3}
rNeg     . . .     Spirit   .   x - +7 Kryia's mail coat {PotionHeal*2 rC+}
rPois    +         Reflect  +   (helmet restricted)
rElec    +         Harm     .   q - +2 cloak {rPois}
rCorr    .         Rampage  +   y - +2 pair of gloves
Will     +....                  G - +2 pair of boots {rampage}
Stlth    ..........             v - amulet of reflection
HPRegen  0.33/turn              Q - ring of protection from fire
MPRegen  0.18/turn              f - ring of see invisible

@: corroded, glowing
A: retaliatory headbutt, horns 2
a: Renounce Religion, Heroism, Finesse


You were on level 2 of the Elven Halls.
You worshipped Okawaru.
Okawaru was exalted by your worship.
You visited 7 branches of the dungeon, and saw 28 of its levels.
You also visited: Sewer and Ice Cave.

You collected 2895 gold pieces.
You spent 540 gold pieces at shops.

Inventory:

Hand Weapons
 E - the +10 morningstar "Eos" (weapon) {elec, Halo rElec}
   (You found it on level 10 of the Dungeon)

   Occasionally, upon striking a foe, it can discharge electrical energy and
   cause terrible harm.
   It insulates you from electricity.
 P - a +5 demon whip of electrocution
Missiles
 c - 4 boomerangs of dispersal
 r - 4 throwing nets
 A - 36 javelins (quivered)
 B - 68 boomerangs
 D - 20 silver javelins
 O - 4 silver boomerangs
Armour
 o - a +1 plate armour
 q - a +2 cloak of poison resistance (worn)
 x - the +7 Kryia's mail coat (worn) {PotionHeal*2 rC+}
   (Okawaru gifted it to you on level 1 of the Elven Halls)

   It protects you from cold.
 y - a +2 pair of gloves (worn)
 G - a +2 pair of boots of rampaging (worn)
 V - a +2 tower shield of protection (worn)
Jewellery
 f - a ring of see invisible (right hand)
 j - an uncursed ring of ice
 v - an amulet of reflection (around neck)
 I - an uncursed ring of ice
 Q - a ring of protection from fire (left hand)
 R - an uncursed ring of poison resistance {unknown}
Wands
 a - a wand of iceblast (9)
 g - a wand of acid (10)
 p - a wand of disintegration (30)
 w - a wand of flame (29)
 z - a wand of polymorph (9)
 L - a wand of digging (9)
Scrolls
 h - 7 scrolls of identify
 k - 8 scrolls of enchant weapon
 l - a scroll of brand weapon
 m - 9 scrolls of fear
 t - 7 scrolls of remove curse
 C - 9 scrolls of teleportation
 J - 10 scrolls of amnesia
 K - 3 scrolls of enchant armour
 M - 3 scrolls of fog
 T - 2 scrolls of magic mapping
Potions
 b - 2 potions of cancellation
 d - 5 potions of might
 e - 5 potions of flight
 i - 4 potions of heal wounds
 n - 14 potions of curing
 s - 4 potions of haste
 u - 3 potions of brilliance
 F - 2 potions of ambrosia
 H - a potion of magic
 N - a potion of berserk rage


   Skills:
 + Level 13.0 Fighting
 + Level 17.3 Maces & Flails
 + Level 14.7 Throwing
 + Level 10.1 Armour
 + Level 15.7 Shields
 - Level 10.0 Invocations


You had 15 spell levels left.
You didn't know any spells.
Your spell library contained the following spells:

 Spells                   Type           Power        Failure   Level
 Animate Skeleton         Necr           0%           98%         1
 Apportation              Tloc           0%           98%         1
 Corona                   Hex            0%           98%         1
 Sandblast                Erth           0%           98%         1
 Shock                    Conj/Air       0%           98%         1
 Summon Small Mammal      Summ           0%           98%         1
 Call Imp                 Summ           0%           99%         2
 Corpse Rot               Necr/Air       N/A          99%         2
 Passwall                 Tmut/Erth      0%           99%         2
 Poisonous Vapours        Pois/Air       0%           99%         2
 Slow                     Hex            0%           99%         2
 Swiftness                Air            0%           99%         2
 Call Canine Familiar     Summ           0%           100%        3
 Confusing Touch          Hex            0%           100%        3
 Conjure Flame            Conj/Fire      0%           100%        3
 Gell's Gravitas          Tloc           0%           100%        3
 Inner Flame              Hex/Fire       0%           100%        3
 Lesser Beckoning         Tloc           0%           100%        3
 Mephitic Cloud           Conj/Pois/Air  0%           100%        3
 Portal Projectile        Hex/Tloc       0%           100%        3
 Static Discharge         Conj/Air       0%           100%        3
 Stone Arrow              Conj/Erth      0%           100%        3
 Summon Guardian Golem    Hex/Summ       0%           100%        3
 Tukima's Dance           Hex            0%           100%        3
 Airstrike                Air            0%           100%        4
 Animate Dead             Necr           0%           100%        4
 Cause Fear               Hex            0%           100%        4
 Leda's Liquefaction      Hex/Erth       0%           100%        4
 Petrify                  Tmut/Erth      0%           100%        4
 Summon Ice Beast         Ice/Summ       0%           100%        4
 Summon Lightning Spire   Summ/Air       0%           100%        4
 Alistair's Intoxication  Tmut/Pois      0%           100%        5
 Bolt of Magma            Conj/Fire/Erth 0%           100%        5
 Borgnjor's Vile Clutch   Necr/Erth      0%           100%        5
 Lee's Rapid Deconstruct  Erth           0%           100%        5
 Lightning Bolt           Conj/Air       0%           100%        5
 Metabolic Englaciation   Hex/Ice        0%           100%        5
 Silence                  Hex/Air        0%           100%        5
 Yara's Violent Unravell  Hex/Tmut       0%           100%        5
 Conjure Ball Lightning   Conj/Air       0%           100%        6
 Death Channel            Necr           0%           100%        6
 Freezing Cloud           Conj/Ice/Air   0%           100%        6
 Invisibility             Hex            0%           100%        6
 Iron Shot                Conj/Erth      0%           100%        6
 Simulacrum               Ice/Necr       0%           100%        6
 Statue Form              Tmut/Erth      0%           100%        6
 Ignition                 Fire           0%           100%        8
 Shatter                  Erth           0%           100%        9
 Tornado                  Air            0%           100%        9


Dungeon Overview and Level Annotations

Branches:
Dungeon (14/15)            Temple (1/1) D:5            Lair (6/6) D:8
 Shoals (2/4) Lair:2        Snake (1/4) Lair:4        Slime (0/5) Lair:6
    Orc (2/2) D:12            Elf (2/3) Orc:2        Vaults (0/5) D:14
  Sewer (visited)           IceCv (visited)

Altars:
Ashenzari
Cheibriados
Dithmenos
Elyvilon
Fedhas
Gozag
Hepliaklqana
Kikubaaqudgha
Makhleb
Nemelex Xobeh
Okawaru
Qazlal
Ru
Sif Muna
Trog
Uskayaw
Vehumet
Wu Jian
Xom
Yredelemnul
Zin
The Shining One
Jiyva

Shops:
D:4 [   D:8 !   D:11 =   D:13 :   Orc:2 ?(*:

Annotations:
D:14 Roxanne
Shoals:1 1 runed translucent door, Nyuh's ghost, adept GrEE
Shoals:2 Ilsuiw
Snake:1 Donald
Elf:2 3 runed translucent doors


Innate Abilities, Weirdness & Mutations

You reflexively headbutt those who attack you in melee.
You have a pair of horns on your head.


Message History

You're too confused to move!
You closely miss the deep elf sorcerer.
The deep elf sorcerer hits you with a +0 long sword.
* * * LOW HITPOINT WARNING * * *
You bump into the rock wall.
The deep elf sorcerer hits you but does no damage.
The deep elf archer blinks!
The deep elf sorcerer barely misses you.
You bludgeon the deep elf sorcerer!! You headbutt the deep elf sorcerer!
The deep elf sorcerer is heavily wounded.
You feel less confused.
You block the deep elf sorcerer's attack.
The deep elf archer shoots an arrow.
You reflect the arrow off an invisible shield around you!
The arrow hits the deep elf archer!!
The deep elf sorcerer casts a spell at you.
The bolt of acid hits you!
* * * LOW HITPOINT WARNING * * *
The acid corrodes you!
You are splashed with acid!
You die...

####≈§.≈§####....................
....................)............
##.........##....................
####...#####....................
#...# #>.................>. #...#
#............!.......
######.######........<...........
.................................
...........e....@................
...........*e.e....e.............
...........e.(...................
#####...##############+##########
#...#..... #>..'..... #...#e§...
#...#..... #...# §§§§


You could see a deep elf sorcerer (fast), 2 deep elf archers, 2 deep elf magi
and a battlesphere.

Vanquished Creatures
  Jorgrun (D:14)
  A kraken (Shoals:2)
  Kirke (D:13)
  2 deep elf sorcerers (Elf:1)
  An orc warlord (Orc:2)
  Snorg (D:13)
  A merfolk impaler (Shoals:1)
  Fannar (D:11)
  2 boulder beetles
  3 hydras
  2 catoblepae
  2 centaur warriors (D:13)
  3 two-headed ogres
  4 dancing weapons
  Erica (D:8)
  An ogre mage (D:10)
  Urug (D:11)
  3 orc high priests (Orc:2)
  Nergalle (Lair:1)
  2 deep elf knights (Elf:1)
  3 skeletal warriors (D:13)
  3 sea snakes
  2 unseen horrors
  3 wizards
  3 harpies (Shoals:1)
  A necromancer (IceCv)
  A deep elf archer (Elf:1)
  A wolf spider zombie (D:13)
  6 orc knights
  The ghost of Quickbrownfox the Poker, a novice DsGl of Vehumet (D:6)
  23 deep elf magi
  2 fauns
  6 orc sorcerers
  A wolf spider (D:10)
  6 manticores (Shoals:1)
  5 oklob plants
  2 cyclopes
  12 ugly things
  Maurice (D:11)
  4 merfolk sirens (Shoals:1)
  2 black mambas (Lair:6)
  4 torpor snails
  2 water nymphs (Shoals:1)
  4 ice statues
  2 cane toads
  A gargoyle (D:10)
  A kobold demonologist (D:12)
  4 rime drakes
  8 ice devils (IceCv)
  8 komodo dragons
  A wind drake (Shoals:1)
  3 trolls
  6 merfolk (Shoals:1)
  A wind drake (shapeshifter) (Elf:1)
  7 slime creatures
  3 hornets (Lair:6)
  2 polar bears (Lair:6)
  2 snapping turtles
  35 blink frogs
  24 dream sheep
  A meliai zombie (D:8)
  Prince Ribbit (D:7)
  14 spriggans (Lair:6)
  Sigmund (D:3)
  2 vampires (D:14)
  5 wraiths
  A water elemental (Elf:1)
  An air elemental (Elf:1)
  A shadow (D:10)
  38 yaks
  8 wyverns
  A fire elemental (Orc:2)
  6 hogs (D:13)
  5 basilisks
  6 wargs (Orc:1)
  3 vampire mosquitoes (D:13)
  3 acid dragons
  2 soldier ants
  16 water moccasins
  A hornet zombie (D:11)
  21 orc warriors
  9 black bears
  6 sky beasts
  2 eyes of draining
  4 phantoms
  6 ice beasts
  73 wolves
  6 boggarts
  13 ogres
  21 centaurs
  Blork the orc (D:6)
  5 big kobolds
  25 bullfrogs
  2 earth elementals (Elf:1)
  2 wyvern zombies
  A gnoll sergeant (D:10)
  4 jellies
  11 killer bees
  6 scorpions
  7 wights
  7 howler monkeys
  A bullfrog zombie (D:12)
  4 centaur zombies
  A draconian simulacrum (IceCv)
  3 quasits
  14 orc priests
  7 hounds
  A bullfrog skeleton (D:13)
  2 iguanas
  3 centaur skeletons
  15 orc wizards
  A spriggan simulacrum (IceCv)
  8 worker ants
  3 troll simulacra (IceCv)
  A killer bee zombie (D:8)
  A centaur simulacrum (IceCv)
  A spectral hound (D:6)
  2 hound zombies
  2 hound skeletons (D:6)
  A howler monkey zombie (D:6)
  2 worker ant zombies
  4 gnolls (D:10)
  3 ogre simulacra (IceCv)
  11 adders
  A naga simulacrum (IceCv)
  A shadow imp (D:8)
  2 white imps
  4 ufetubi
  4 adder skeletons
  An adder zombie (D:6)
  3 worms
  2 dart slugs (D:1)
  6 leopard geckos
  73 orcs
  8 bats
  11 giant cockroaches
  8 goblins
  11 hobgoblins
  19 jackals
  4 quokkas
  3 frilled lizards
  2 jackal skeletons
  A jackal zombie (D:6)
  22 kobolds
  A quokka skeleton (D:8)
  8 rats
874 creatures vanquished.

Vanquished Creatures (others)
  An orc wizard (Orc:2)
  An orc (Orc:2)
  A bush (Lair:6)
  81 fungi
  175 plants
  14 tentacles (Shoals:2)
  2 withered plants (Shoals:1)
275 creatures vanquished.

Grand Total: 1149 creatures vanquished

Notes
Turn   | Place    | Note
-------+----------+-------------------------------------------
     0 | D:1      | Eurus the Minotaur Fighter began the quest for the Orb.
     0 | D:1      | Reached XP level 1. HP: 19/19 MP: 0/0
   252 | D:1      | Reached XP level 2. HP: 27/27 MP: 1/1
   442 | D:1      | Reached skill level 1 in Throwing
   532 | D:1      | Reached XP level 3. HP: 33/33 MP: 2/2
   706 | D:1      | Reached skill level 3 in Maces & Flails
  1632 | D:3      | Noticed Sigmund
  1662 | D:3      | Reached XP level 4. HP: 40/40 MP: 3/3
  1667 | D:3      | Found a glowing drain.
  1691 | Sewer    | Entered a sewer
  1832 | Sewer    | Noticed a big kobold
  1863 | Sewer    | Killed a big kobold
  1864 | Sewer    | Reached XP level 5. HP: 38/47 MP: 4/4
  1943 | Sewer    | Found a glowing silver altar of Zin.
  2090 | D:3      | Found a stormy altar of Qazlal.
  2314 | D:3      | Found a hide-covered altar of Uskayaw.
  2726 | D:4      | Found Saudenih's Antique Armour Shoppe.
  3109 | D:4      | Reached skill level 4 in Maces & Flails
  3109 | D:4      | Reached XP level 6. HP: 25/55 MP: 5/5
  3542 | D:4      | Reached skill level 5 in Fighting
  3542 | D:4      | Reached skill level 5 in Armour
  3542 | D:4      | Reached skill level 5 in Shields
  3622 | D:4      | Reached skill level 5 in Maces & Flails
  3794 | D:4      | Bought a pair of embroidered gloves for 210 gold pieces
  3827 | D:5      | Entered Level 5 of the Dungeon
  3880 | D:5      | Reached XP level 7. HP: 47/61 MP: 6/6
  4041 | D:5      | Reached skill level 6 in Maces & Flails
  4154 | D:5      | Found a staircase to the Ecumenical Temple.
  4162 | Temple   | Entered the Ecumenical Temple
  4240 | Temple   | Became a worshipper of Warmaster Okawaru
  4663 | D:5      | Reached skill level 7 in Maces & Flails
  4663 | D:5      | Reached skill level 5 in Throwing
  5051 | D:5      | Found a sacrificial altar of Ru.
  5296 | D:6      | Reached XP level 8. HP: 68/68 MP: 7/7
  5746 | D:6      | Found a runed translucent gate.
  5746 | D:6      | Found a runed translucent gate.
  5746 | D:6      | Found a runed translucent gate.
  5776 | D:6      | Noticed Quickbrownfox's ghost (novice DsGl)
  6018 | D:5      | Reached * piety under Okawaru
  6019 | D:5      | Reached skill level 8 in Maces & Flails
  6149 | D:6      | Noticed Blork the orc
  6162 | D:6      | Killed Blork the orc
  6670 | D:7      | Reached ** piety under Okawaru
  6773 | D:7      | Reached skill level 9 in Maces & Flails
  6790 | D:7      | Noticed Prince Ribbit
  6920 | D:7      | Reached XP level 9. HP: 74/74 MP: 8/8
  7828 | D:7      | Killed Prince Ribbit
  7960 | D:8      | Found Issooj's Distillery.
  8141 | D:8      | Reached *** piety under Okawaru
  8220 | D:8      | Found a staircase to the Lair.
  8301 | D:8      | Reached skill level 10 in Maces & Flails
  8681 | D:8      | Noticed Erica
  8703 | D:8      | Killed Erica
  8703 | D:8      | Reached **** piety under Okawaru
  8704 | D:8      | Reached XP level 10. HP: 56/81 MP: 9/9
  9248 | D:9      | Reached ***** piety under Okawaru
  9248 | D:9      | Received a gift from Okawaru
  9324 | D:9      | Reached skill level 11 in Maces & Flails
  9427 | D:9      | Noticed a two-headed ogre
  9444 | D:9      | Killed a two-headed ogre
  9444 | D:9      | Received a gift from Okawaru
  9477 | D:9      | Received a gift from Okawaru
  9486 | D:9      | Reached XP level 11. HP: 67/86 MP: 10/10
 10008 | D:10     | Entered Level 10 of the Dungeon
 10008 | D:10     | Found the +10 morningstar "Eos" {elec, Halo rElec}
 10262 | D:10     | Noticed a brown ugly thing
 10276 | D:10     | Killed a brown ugly thing
 10541 | D:10     | Received a gift from Okawaru
 10901 | D:10     | Noticed an ogre mage
 10913 | D:10     | Killed an ogre mage
 10913 | D:10     | Received a gift from Okawaru
 10914 | D:10     | Reached skill level 10 in Armour
 10921 | D:10     | Reached skill level 10 in Shields
 11085 | D:10     | Noticed a wolf spider
 11095 | D:10     | Killed a wolf spider
 11177 | D:10     | Reached skill level 12 in Maces & Flails
 11286 | D:10     | Reached skill level 10 in Throwing
 11645 | D:11     | Noticed Fannar
 11827 | D:11     | Reached skill level 1 in Invocations
 11879 | D:11     | Noticed Urug
 12053 | D:11     | Killed Fannar
 12061 | D:11     | Noticed Maurice
 12646 | D:11     | Killed Urug
 12646 | D:11     | Reached ****** piety under Okawaru
 12901 | D:11     | Killed Maurice
 13058 | D:11     | Found Puth's Jewellery Shoppe.
 13066 | D:11     | Bought an uncursed amulet of reflection for 330 gold pieces
 13298 | D:12     | Noticed a four-headed hydra
 13299 | D:12     | Found a staircase to the Orcish Mines.
 13308 | D:12     | Killed a four-headed hydra
 13308 | D:12     | Received a gift from Okawaru
 13309 | D:12     | Reached XP level 12. HP: 68/101 MP: 13/13
 14376 | D:12     | Noticed a five-headed hydra
 14388 | D:12     | Killed a five-headed hydra
 14389 | D:12     | Reached skill level 13 in Maces & Flails
 14732 | D:13     | Found Sucaydgh's Book Boutique.
 15250 | D:13     | Noticed Snorg
 15255 | D:13     | Killed Snorg
 15256 | D:13     | Reached skill level 5 in Invocations
 15389 | D:13     | Noticed a centaur warrior
 15398 | D:13     | Killed a centaur warrior
 15439 | D:13     | Received a gift from Okawaru
 15450 | D:13     | Identified the Catalogue of Combed Thunderclap
 15482 | D:13     | Identified the Volume of Dhcmrlchtdj
 15518 | D:13     | Identified the Papyrus of Sand
 15737 | D:13     | Reached XP level 13. HP: 111/111 MP: 16/16
 15901 | D:13     | Received a gift from Okawaru
 15961 | D:13     | Noticed Kirke
 15968 | D:13     | Killed Kirke
 15969 | D:13     | Reached skill level 10 in Fighting
 15985 | D:13     | Reached skill level 14 in Maces & Flails
 16663 | D:14     | Received a gift from Okawaru
 16779 | D:14     | Found a frozen archway.
 16786 | IceCv    | Entered an ice cave
 16809 | IceCv    | Received a gift from Okawaru
 16888 | IceCv    | Received a gift from Okawaru
 17491 | IceCv    | Received a gift from Okawaru
 17856 | D:14     | Identified Roxanne's Compendium of Shape Shifting
 17856 | D:14     | Noticed Roxanne
 18092 | D:14     | Received a gift from Okawaru
 18149 | D:14     | Noticed Jorgrun
 18212 | D:14     | Found a gate to the Vaults.
 18236 | D:14     | Reached XP level 14. HP: 124/124 MP: 18/18
 18374 | D:14     | Killed Jorgrun
 18374 | D:14     | Received a gift from Okawaru
 19236 | D:3      | Killed Sigmund
 19390 | D:6      | Killed Quickbrownfox's ghost
 19502 | Lair:1   | Entered Level 1 of the Lair of Beasts
 19614 | Lair:1   | Received a gift from Okawaru
 19621 | Lair:1   | Noticed Nergalle
 19627 | Lair:1   | Killed Nergalle
 20367 | Lair:2   | Found a staircase to the Shoals.
 21060 | Lair:3   | Reached skill level 15 in Maces & Flails
 21181 | Lair:3   | You fall into a shaft and drop 3 floors!
 21181 | Lair:6   | Entered Level 6 of the Lair of Beasts
 21194 | Lair:6   | Received a gift from Okawaru
 21476 | Lair:6   | Received a gift from Okawaru
 21577 | Lair:6   | Received a gift from Okawaru
 22763 | Lair:3   | Found a snail-covered altar of Cheibriados.
 23321 | Lair:3   | Reached XP level 15. HP: 114/134 MP: 20/20
 23597 | Lair:4   | Found a staircase to the Snake Pit.
 24380 | Lair:5   | Received a gift from Okawaru
 24517 | Lair:5   | Got a fine great mace {god gift}
 25623 | Lair:6   | Found a viscous altar of Jiyva.
 25623 | Lair:6   | Found a staircase to the Slime Pits.
 26694 | Snake:1  | Entered Level 1 of the Snake Pit
 26694 | Snake:1  | Noticed Donald
 26743 | Shoals:1 | Entered Level 1 of the Shoals
 26788 | Shoals:1 | Received a gift from Okawaru
 26814 | Shoals:1 | Reached skill level 16 in Maces & Flails
 27195 | Shoals:1 | Received a gift from Okawaru
 27210 | Shoals:1 | Reached skill level 10 in Invocations
 27610 | Shoals:1 | Received a gift from Okawaru
 28132 | Shoals:1 | Found a runed translucent door.
 28149 | Shoals:1 | Noticed Nyuh's ghost (adept GrEE)
 28214 | Shoals:2 | Noticed a kraken
 28357 | Shoals:2 | Killed a kraken
 28604 | Shoals:2 | Noticed Ilsuiw
 28765 | Orc:1    | Entered Level 1 of the Orcish Mines
 28881 | Orc:2    | Entered Level 2 of the Orcish Mines
 29317 | Orc:2    | Paralysed by an orc sorcerer for 2 turns
 29324 | Orc:2    | Paralysed by an orc sorcerer for 5 turns
 29760 | Orc:2    | Noticed an orc warlord
 29822 | Orc:2    | Killed an orc warlord
 30020 | Orc:2    | Found a staircase to the Elven Halls.
 30141 | Orc:2    | Reached skill level 15 in Shields
 30412 | Orc:2    | Found Laulovux's Book Boutique.
 30412 | Orc:2    | Found Ididghuw's Assorted Antiques.
 30414 | Orc:2    | Found Jukual's Antique Weapon Boutique.
 30414 | Orc:2    | Found Fewkow's Magic Scroll Shoppe.
 30414 | Orc:2    | Paralysed by an orc sorcerer for 3 turns
 30420 | Orc:2    | Reached XP level 16. HP: 117/137 MP: 22/22
 31007 | Elf:1    | Entered Level 1 of the Elven Halls
 31128 | Elf:1    | Reached skill level 17 in Maces & Flails
 31156 | Elf:1    | Received a gift from Okawaru
 31277 | Elf:1    | Received a gift from Okawaru
 31278 | Elf:1    | Found the +7 Kryia's mail coat {PotionHeal*2 rC+}
 32370 | Elf:2    | Found a runed translucent gate.
 32370 | Elf:2    | Found a runed translucent gate.
 32370 | Elf:2    | Found a runed translucent gate.
 32409 | Elf:2    | Splashed by a deep elf sorcerer's acid

Illustrated notes

Levels and vault maps discovered:
D:1:      dpeg_arrival_tiny_c, layout_loops_ring
D:2:      layout_rooms, nrook_mini_vaults, lemuel_another_geyser
D:3:      layout_rooms, overflow_temple_1_default, gup_sewer_entry_pipe,
          serial_corexii_hall, chequers_hall_statues_wall_a,
          corexii_hall_statues_t, grunt_qazlal_sundering, uniq_sigmund
D:4:      layout_loops_ring, serial_shops, nicolae_shop_statue_plus
D:5:      layout_loops_corners, minmay_temple_entry_mini_moons,
          nicolae_ru_path_of_blood
D:6:      layout_gridville, gammafunk_ghost_necromancy, uniq_blork_the_orc
D:7:      layout_cave_pods, uniq_prince_ribbit1
D:8:      layout_basic, due_lair_maze_entry_diamond, serial_glass,
          glass_columns_a, glass_columns_b, glass_columns_c, glass_columns_a,
          glass_columns_a, glass_columns_a, serial_shops, shop, uniq_erica
D:9:      layout_basic, serial_bayou_crossing
D:10:     minmay_the_grid_3x2 [minmay_the_grid_pillar_ring,
          minmay_the_grid_tree, minmay_the_grid_mess,
          minmay_the_grid_outer_diamond, minmay_the_grid_spikes,
          minmay_the_grid_prize_big_room], layout_rooms, serial_curves,
          eino_curves_03, eino_curves_02
D:11:     layout_cave_pools, serial_shops, shop, roderic_cross_of_infinity,
          minmay_curled_crystal, grunt_ministairs_7, kennysheep_another_room,
          nicolae_twisting_strands, uniq_urug, uniq_maurice, uniq_fannar
D:12:     layout_loops_cross, david_orc_2, minivault_16
D:13:     layout_basic, serial_shops, nicolae_shop_behind_doors,
          bh_hangedman_babel_library, uniq_snorg, uniq_kirke
D:14:     layout_loops_ring, david_vaults_1, portal_ice_cave_rime, uniq_roxanne,
          uniq_jorgrun
Temple:   compressed_dpeg_circular_temple
Lair:1:   layout_gridlike, infiniplex_staircase_pool_2, uniq_nergalle
Lair:2:   layout_regular_city, elwin_shoals_entry_rocks
Lair:3:   minmay_lair_oklob_tunnel, layout_loops_ring, kennysheep_snail_temple,
          grunt_megastairs_1
Lair:4:   layout_small_grid, dummy_snake_entry
Lair:5:   layout_regular_city
Lair:6:   minmay_lair_end_enchanted_forest, layout_hall_layers, slime_altar_1,
          gauntlet_entry_generic, serial_forest, infiniplex_forest_straight_2,
          infiniplex_forest_lined_room_2, infiniplex_forest_straight_1,
          infiniplex_forest_straight_5, infiniplex_forest_lined_corner,
          infiniplex_forest_clump_tiny, infiniplex_forest_lined_room_2,
          infiniplex_forest_clump_small, infiniplex_forest_clump_double,
          grunt_forest_large_clearings, serial_bayou_shore_b
Shoals:1: layout_shoals, gammafunk_ghost_grave,
          nicolae_shoals_arrival_archipelago
Shoals:2: layout_shoals, nicolae_shoals_so_close, uniq_ilsuiw
Snake:1:  layout_rooms, grunt_ministairs_1, uniq_louise, uniq_donald, uniq_aizul
Orc:1:    layout_caves, serial_shops, mines5_lemuel
Orc:2:    grunt_orc_tribal_feast, layout_diamond_mine
Elf:1:    elf_arrival_002, layout_gridlike, hangedman_elf_disciples,
          hangedman_decor_cross_pass
Elf:2:    layout_onion_city, statue_in_the_mist_lemuel, uniq_agnes

Skill      XL: |  1  2  3  4  5  6  7  8  9 10 11 12 13 14 15 16 |
---------------+-------------------------------------------------+-----
Throwing       | 1 2 3 5 6 8 9 10 11 12 13 14 | 14.7
Armour         | 4 5 7 9 10 | 10.1
Fighting       | 4 5 7 9 11 12 13 | 13.0
Shields        | 4 5 7 9 10 11 12 13 15 | 15.7
Maces & Flails | 3 4 5 7 9 10 11 12 13 14 15 16 17 | 17.3
Invocations    | 3 5 7 9 10 | 10.0

Action                   |  1- 3 |  4- 6 |  7- 9 | 10-12 | 13-15 | 16-18 || total
-------------------------+-------+-------+-------+-------+-------+-------++-------
Melee: Flail             |   114 |   183 |   375 |   181 |       |       ||   853
       Headbutt          |    12 |    28 |    76 |   105 |   182 |    25 ||   428
       Morningstar       |       |       |       |   389 |  1039 |   143 ||  1571
Throw: Stone             |     7 |     4 |     7 |       |       |       ||    18
       Javelin           |       |       |     5 |     7 |   103 |    11 ||   126
Invok: Heroism           |       |       |       |     1 |       |       ||     1
  Use: Scroll            |       |     3 |    12 |     8 |    15 |       ||    38
       Potion            |       |       |       |     1 |     1 |       ||     2
 Stab: Petrified         |       |       |       |       |     4 |       ||     4
Armor: Scale mail        |    41 |    88 |    90 |       |       |     6 ||   225
       Plate armour      |       |       |   115 |   227 |   313 |    18 ||   673
Dodge: Dodged            |    24 |    51 |    75 |    84 |   134 |     7 ||   375
Block: Kite shield       |    57 |    93 |   161 |   296 |   630 |       ||  1237
       Reflection        |       |       |       |    16 |    39 |     6 ||    61
       Tower shield      |       |       |       |       |   167 |   106 ||   273
